 Dungeon Crawl Stone Soup version 0.29-a0-321-gf1c400731a (webtiles) character file.

Game seed: 12735827352801013397

180 Murumi the Ducker (level 5, -4/40 HPs)
             Began as a Djinni Monk on Apr 5, 2022.
             Splashed by a jelly's acid (9 damage)
             ... on level 4 of the Dungeon.
             The game lasted 00:07:50 (3630 turns).

Murumi the Ducker (Djinni Monk)                     Turns: 3630, Time: 00:07:52

Health: -4/40      AC:  5    Str: 16    XL:     5   Next: 91%
Gold:   163        EV:  8    Int: 11    God:
                   SH:  0    Dex: 18

rFire   + + .      SeeInvis .   a - +0 falchion
rCold   x . .      Faith    .   (no shield)
rNeg    . . .      Spirit   .   g - +0 chain mail {Will+}
rPois   ∞          Reflect  .   e - +0 helmet
rElec   .          Harm     .   (no cloak)
rCorr   .          Rampage  .   b - +2 pair of gloves
Will    +....                   (boots unavailable)
Stlth   ..........              (no amulet)
HPRegen 0.13/turn               d - +6 ring of strength
MPRegen 0.00/turn               (no ring)

@: corroded, flying
A: sickness immunity, fire resistance 2, cold vulnerability 1, float, innate
caster, HP casting, extra vitality 1
a: no special abilities


You were on level 4 of the Dungeon.
You visited 1 branch of the dungeon, and saw 4 of its levels.

You collected 163 gold pieces.

Inventory:

Hand Weapons
 a - a +0 falchion (weapon)
Armour
 b - a +2 pair of gloves (worn)
 e - a +0 helmet (worn)
 g - a +0 chain mail of willpower (worn)
 j - a +0 leather armour
Jewellery
 d - a +6 ring of strength (left hand)
Scrolls
 h - 3 scrolls of magic mapping
Potions
 c - 2 potions of invisibility
 f - 2 potions of curing
 i - a potion of lignification {unknown}
 k - a potion of heal wounds {unknown}


   Skills:
 + Level 3.5 Fighting
 - Level 3.0 Long Blades
 - Level 3.0 Armour
 - Level 4.0 Dodging
 - Level 3.0 Stealth


You had one spell level left.
You knew the following spells:

 Your Spells              Type           Power      Damage    Failure   Level
a - Shock                 Conj/Air       0%         1d3       99%         1
b - Searing Ray           Conj           0%         2d4       100%        2
Your spell library was empty.


Dungeon Overview and Level Annotations

Branches:
Dungeon (4/15)
 Temple: D:4-7

Altars:

Annotations:
D:4 1 transporter


Innate Abilities, Weirdness & Mutations

You are immune to sickness and miasma.
You are immune to poison.
Your flesh is very heat resistant. (rF++)
You are vulnerable to cold. (rC-)
You float through the air rather than walking.
You learn spells naturally, not from books.
Your magical power is your life essence.
You have superior vitality. (+4 MHP)


Message History

An endoplasm comes into view.
The endoplasm quivers.
The endoplasm jiggles.
You hit the endoplasm but do no damage.
The endoplasm hits you but does no damage.
You hit the endoplasm but do no damage. The endoplasm barely misses you.
You hit the endoplasm.
The endoplasm is heavily wounded.
The endoplasm hits you but does no damage.
The endoplasm hits you.
You hit the endoplasm.
You kill the endoplasm!
No target in view!
A jelly comes into view.
The jelly quivers.
You hit the jelly.
Your hands burn!
The jelly is lightly wounded.
The jelly barely misses you.
You hit the jelly but do no damage.
Your hands burn!
The jelly is lightly wounded.
The jelly hits you.
You are splashed with acid!
You slash the jelly! The acid corrodes you!
Your hands burn!
The jelly is heavily wounded.
The jelly hits you.
You are splashed with acid!
You are too injured to fight recklessly!
You hit the jelly. The acid corrodes you!
Your hands burn!
* * * LOW HITPOINT WARNING * * *
The jelly is severely wounded.
The jelly closely misses you.
You hit the jelly but do no damage.
Your hands burn!
* * * LOW HITPOINT WARNING * * *
The jelly is severely wounded.
The jelly hits you but does no damage.
You hit the jelly but do no damage.
Your hands burn!
* * * LOW HITPOINT WARNING * * *
The jelly is severely wounded.
The jelly hits you but does no damage. The jelly hits you.
* * * LOW HITPOINT WARNING * * *
You are splashed with acid!
You die...

#. ##########.# ..
.......<...#
#.###################
#.......#
#####.#####.######..
.......>....@J......
#...##...........
#.#......##..####
#...##...# ..#
##.#####.## .#
#......... ##
#.#####.##.# #.# #..
# #)# ## #.#


You could see a jelly.

Vanquished Creatures
  An iguana (D:4)
  An orc wizard (D:4)
  2 gnolls
  3 adders
  A worm (D:4)
  2 dart slugs (D:1)
  3 orcs
  9 ball pythons
  5 endoplasms
  4 giant cockroaches
  7 goblins
  10 hobgoblins
  4 quokkas (D:1)
  7 bats
  2 frilled lizards
  10 kobolds
  5 rats
76 creatures vanquished.

Notes
Turn   | Place    | Note
-------+----------+-------------------------------------------
     0 | D:1      | Murumi the Djinni Monk began the quest for the Orb.
     0 | D:1      | Reached XP level 1. HP: 20/20 MP: 0/0
   212 | D:1      | Reached XP level 2. HP: 21/25 MP: 0/0
   711 | D:1      | Reached XP level 3. HP: 29/30 MP: 0/0
   711 | D:1      | Learned a level 1 spell: Shock
   784 | D:1      | Reached skill level 4 in Dodging
   948 | D:1      | Reached skill level 1 in Armour
  1168 | D:1      | Found a faded altar of an unknown god.
  1513 | D:2      | Reached XP level 4. HP: 35/35 MP: 0/0
  3019 | D:4      | Reached XP level 5. HP: 15/40 MP: 0/0
  3019 | D:4      | Learned a level 2 spell: Searing Ray
  3286 | D:4      | Found a transporter.
  3630 | D:4      | Splashed by a jelly's acid

Illustrated notes

Levels and vault maps discovered:
D:1:      dpeg_arrival_yet_another_circle, layout_basic,
          shapermc_ecumenical_altar_venn, minmay_heptomino_o4
D:2:      layout_loops_cross
D:3:      layout_loops_ring, nicolae_elevator_lobby_asterisk
D:4:      layout_loops_ring, gammafunk_ghost_mausoleum, minmay_checkerbox

Skill      XL: |  1  2  3  4  5 |
---------------+----------------+-----
Long Blades    | 3 |  3.0
Stealth        | 2 3 |  3.0
Dodging        | 4 |  4.0
Armour         | 1 3 |  3.0
Fighting       | |  3.5

Action                   |  1- 3 |  4- 6 || total
-------------------------+-------+-------++-------
Melee: Falchion          |   103 |   168 ||   271
       Punch             |     1 |       ||     1
  Use: Scroll            |     3 |     9 ||    12
       Potion            |     1 |       ||     1
 Stab: Sleeping          |     6 |       ||     6
Armor: Robe              |     7 |       ||     7
       Chain mail        |    32 |    82 ||   114
Dodge: Dodged            |    56 |    60 ||   116

Table legend: (Time is in decaauts)
 A = Elapsed time spent in this place.
 B = Non-inter-level travel time spent in this place.
 C = Inter-level travel time spent in this place.
 D = Time resting spent in this place.
 E = Time spent auto-exploring this place.
 F = Levels seen in this place.
 G = Mean time per level.
                   A        B        C        D        E       F      G
               +--------+--------+--------+--------+--------+-----+--------+
         Total |   3675 |   3430 |    245 |    166 |   2611 |   4 |  918.8 |
       Dungeon |   3675 |   3430 |    245 |    166 |   2611 |   4 |  918.8 |
               +--------+--------+--------+--------+--------+-----+--------+

Top non-repeatable levels by time:
     D:1: 1492 daAuts
     D:3: 769 daAuts
     D:2: 732 daAuts
     D:4: 680 daAuts
